 Dungeon Crawl Stone Soup version 0.30-a0-165-g1891117ce2 (webtiles) character file.

Game seed: 9893347481205705609

53 qw the Chopper (level 3, -1/23 HPs)
             Began as a Gargoyle Fighter on Sept 28, 2022.
             Slain by a gnoll sergeant
             ... wielding a +0 spear
              (5 damage)
             ... on level 3 of the Dungeon.
             The game lasted 00:00:36 (2806 turns).

qw the Chopper (Gargoyle Fighter)                   Turns: 2806, Time: 00:00:36

Health: -1/23      AC: 10    Str: 21    XL:     3   Next: 87%
Magic:  3/3        EV:  9    Int:  8    God:
Gold:   89         SH:  4    Dex:  9    Spells: 2/2 levels left

rFire   . . .      SeeInvis .    Y - +0 war axe
rCold   . . .      Faith    .    c - +0 buckler
rNeg    + . .      Spirit   .    b - +0 scale mail
rPois   inf        Reflect  .    (no helmet)
rElec   +          Harm     .    (no cloak)
rCorr   .          Rampage  .    (no gloves)
Will    .....                    (no boots)
Stlth   ..........               (no amulet)
HPRegen 0.07/turn                (no ring)
MPRegen 0.08/turn                (no ring)

@: no status effects
A: sickness immunity, AC +3, negative energy resistance 1, electricity
resistance, torment resistance 1, petrification resistance
a: no special abilities


You were on level 3 of the Dungeon.
You visited 1 branch of the dungeon, and saw 3 of its levels.

You collected 89 gold pieces.


Innate Abilities, Weirdness & Mutations

You are immune to sickness and miasma.
Your stone body is resilient. (AC +3)
You are immune to poison.
You resist negative energy. (rN+)
You are resistant to electric shocks. (rElec)
You are resistant to unholy torment.
You are immune to petrification.


   Skills:
 - Level 3.2 Fighting
 + Level 3.7 Axes
 - Level 3.2 Armour
 - Level 3.2 Shields


You had 2 spell levels left.
You didn't know any spells.
Your spell library was empty.

Inventory:

Hand Weapons
 f - a +0 whip
 Y - a +0 war axe (weapon)
Armour
 b - a +0 scale mail (worn)
 c - a +0 buckler (worn)
Jewellery
 e - a ring of ice
Scrolls
 h - a scroll of identify
Potions
 d - a potion of might
 i - a potion of curing
 j - a potion of flight {unknown}

Dungeon Overview and Level Annotations

Branches:
Dungeon (3/15)

Altars:


Message History

You hit the worm.
You kill the worm!
You start resting.
HP restored.
A gnoll comes into view. It is wielding a +0 spear.
The gnoll shouts!
Enter note:
2796 ||| Stepping ~*~*~tactically~*~*~ (hiding).
Found an arbalest.
You start waiting.
A gnoll is nearby!
A gnoll sergeant, 2 gnolls and a ball python come into view.
The gnoll sergeant shouts!
The gnoll shouts! x2
The ball python hisses angrily.
The gnoll closely misses you.
2801 ||| Stepping ~*~*~tactically~*~*~ (hiding).
An endoplasm comes into view.
The endoplasm quivers.
The gnoll hits you but does no damage.
The gnoll hits you from afar with a +0 spear.
The gnoll hits you but does no damage.
You barely miss the gnoll sergeant. You hit the gnoll.
The gnoll sergeant hits you but does no damage.
You block the gnoll's attack. The gnoll hits you with a +0 spear.
You block the gnoll's attack.
The gnoll sergeant hits you but does no damage.
The gnoll hits you with a +0 spear.
The gnoll hits you from afar with a +0 spear. x2
You closely miss the gnoll.
The gnoll is heavily wounded.
You hit the gnoll sergeant but do no damage.
The gnoll sergeant hits you with a +0 spear!
You block the gnoll's attack.
The gnoll hits you from afar with a +0 spear.
You block the gnoll's attack.
You barely miss the gnoll.
The gnoll is heavily wounded.
The gnoll sergeant blocks your attack.
The gnoll sergeant hits you with a +0 spear.
You die...

#.##.##.# ###.###
..##.##.####...[.######
......................#
.##..#.#####.##..####.##
.......# #.#..........
###...## #.....####.##
#...# #.......##)#
.....# #...g......#
###...# #...g@#.#### #..
#..#..#.# #..#gg#.#
#...JS..# ..##.#### ..
.. #..


You could see a gnoll sergeant, 3 gnolls, an endoplasm and a ball python.

Vanquished Creatures
  A worm (D:3)
  3 dart slugs
  An orc (D:3)
  A ball python (D:1)
  8 endoplasms
  2 giant cockroaches (D:2)
  A goblin (D:3)
  5 hobgoblins
  2 jackals (D:1)
  5 kobolds
  3 quokkas
  4 bats
36 creatures vanquished.

Notes
Turn   | Place    | Note
-------+----------+-------------------------------------------
     0 | D:1      | qw the Gargoyle Fighter began the quest for the Orb.
     0 | D:1      | Reached XP level 1. HP: 14/14 MP: 1/1
     0 | D:1      | 0 ||| qw: Version: 0.2-a-12-gaebbb33
     0 | D:1      | 0 ||| qw: Game counter: 890
     0 | D:1      | 0 ||| qw: Always use a shield: true
     0 | D:1      | 0 ||| qw: God list: Okawaru
     0 | D:1      | 0 ||| qw: Allow faded altars: false
     0 | D:1      | 0 ||| qw: Do Orc after D:15 true
     0 | D:1      | 0 ||| qw: Do second Lair branch before Depths: true
     0 | D:1      | 0 ||| qw: Lair rune preference: random
     0 | D:1      | 0 ||| qw: Plans: Normal, Zot:1-4, God:TSO, Crypt, Tomb,
                  | Pan, Slime:5, Hells, Abyss, Orb
     0 | D:1      | 0 ||| PLANNING D:1-11
   560 | D:1      | 560 ||| Stepping ~*~*~tactically~*~*~ (stealth).
   565 | D:1      | 565 ||| DROPPING +0 club.
   575 | D:1      | Reached XP level 2. HP: 6/19 MP: 2/2
   913 | D:1      | 913 ||| Stepping ~*~*~tactically~*~*~ (stealth).
   986 | D:1      | 986 ||| Stepping ~*~*~tactically~*~*~ (stealth).
  1000 | D:1      | 1000 ||| Stepping ~*~*~tactically~*~*~ (stealth).
  1001 | D:1      | 1001 ||| Stepping ~*~*~tactically~*~*~ (stealth).
  1009 | D:1      | Reached skill level 3 in Axes
  1023 | D:1      | 1023 ||| Stepping ~*~*~tactically~*~*~ (hiding).
  1034 | D:1      | Reached XP level 3. HP: 23/23 MP: 3/3
  1679 | D:2      | 1679 ||| Stepping ~*~*~tactically~*~*~ (stealth).
  1682 | D:2      | 1682 ||| Stepping ~*~*~tactically~*~*~ (stealth).
  1688 | D:2      | 1688 ||| Stepping ~*~*~tactically~*~*~ (hiding).
  2295 | D:2      | Identified the +5 sling of Insufficient Pleasure {venom,
                  | rF++ Int-2}
  2491 | D:2      | Found a faded altar of an unknown god.
  2520 | D:2      | 2520 ||| READING scroll labelled EFOSHA MYGI.
  2521 | D:2      | 2521 ||| READING 3 scrolls labelled QYLAAFO JATEO.
  2522 | D:2      | 2522 ||| READING 2 scrolls of identify.
  2522 | D:2      | 2522 ||| IDENTIFYING puce potion
  2796 | D:3      | 2796 ||| Stepping ~*~*~tactically~*~*~ (hiding).
  2800 | D:3      | Noticed a gnoll sergeant
  2801 | D:3      | 2801 ||| Stepping ~*~*~tactically~*~*~ (hiding).
  2805 | D:3      | HP: 4/23 [gnoll/+0 spear[a gnoll sergeant] (2)]
  2806 | D:3      | Slain by a gnoll sergeant

Levels and vault maps discovered:
D:1:      lemuel_arrival_river_bridge, layout_loops_ring, serial_rivers,
          chequers_serial_rivers_micro_c, chequers_serial_rivers_micro_d,
          chequers_serial_rivers_large_a, chequers_serial_rivers_room_a
D:2:      layout_basic, shapermc_ecumenical_altar_petra,
          minmay_fractal_squares_gapless_5
D:3:      layout_loops_cross, grunt_temple_overflow_open, minmay_quadrilaterals

Skill      XL: |  1  2 |
---------------+-------+-----
Axes           | 2 3 |  3.7
Fighting       | |  3.2
Armour         | |  3.2
Shields        | |  3.2

Action                   || total
-------------------------++-------
Melee: War axe           ||   116
  Use: Scroll            ||     3
Armor: Scale mail        ||    55
Dodge: Dodged            ||    42
Block: Buckler           ||    28

Table legend:
 A = Non-vault XP
 B = Vault XP
 C = Vault XP percentage of total XP
 D = Non-vault monster count
 E = Vault monster count
 F = Vault count percentage of total count
                 A         B        C        D         E       F
            +---------+---------+-------+---------+---------+-------
      Total |      69 |       7 |   9.2 |      33 |       3 |   8.3
            +---------+---------+-------+---------+---------+-------
        D:1 |      41 |       0 |   0.0 |      21 |       0 |   0.0
        D:2 |      16 |       7 |  30.4 |       8 |       3 |  27.3
        D:3 |      12 |       0 |   0.0 |       4 |       0 |   0.0
            +---------+---------+-------+---------+---------+-------
